 Dungeon Crawl Stone Soup version 0.20.0-10-g0535bb4 (console) character file.

68 removed the Gusty (level 4, 0/31 HPs)
             Began as a Halfling Air Elementalist on June 6, 2017.
             Succumbed to an adder's poison
             ... on level 2 of the Dungeon.
             The game lasted 00:03:00 (2378 turns).

removed the Gusty (Halfling Air Elementalist)       Turns: 2378, Time: 00:03:02

Health: 0/31       AC:  3    Str:  9    XL:     4   Next: 41%
Magic:  15/15      EV: 15    Int: 13    God:
Gold:   33         SH:  0    Dex: 15    Spells: 5/6 levels left

rFire    . . .     SeeInvis .   a - +0 short sword
rCold    . . .     Gourm    .   (shield restricted)
rNeg     . . .     Faith    .   f - +0 robe
rPois    .         Spirit   .   r - +0 helmet
rElec    .         Reflect  .   (no cloak)
rCorr    .         Harm     .   (no gloves)
MR       .....                  (no boots)
Stlth    ++........             (no amulet)
Regen    0.1/turn               o - ring of magical power
MPRegen  0.2/turn               (no ring)

@: lethally poisoned (0 -> -8)
A: mutation resistance 1
a: no special abilities


You were on level 2 of the Dungeon.
You were not hungry.

You visited 1 branch of the dungeon, and saw 2 of its levels.

You collected 33 gold pieces.

Inventory:

Hand Weapons
 a - a +0 short sword (weapon)
Armour
 f - a +0 robe (worn)
 r - a +0 helmet (worn)
Jewellery
 o - a ring of magical power (left hand)
Scrolls
 d - 2 scrolls of fear {unknown}
 e - 5 scrolls of identify {unknown}
 i - a scroll of enchant armour {unknown}
 j - a scroll of magic mapping {unknown}
 k - a scroll of noise {unknown}
 n - a scroll of amnesia {unknown}
 t - a scroll of immolation {unknown}
Potions
 h - a potion of magic {unknown}
 q - a potion of curing
Books
 b - a book of Air

   Spells                             Type                      Level
   a - Shock                          Conjuration/Air              1
   b - Swiftness                      Charms/Air                   2
   c - Static Discharge               Conjuration/Air              3
   d - Airstrike                      Air                          4
   e - Lightning Bolt                 Conjuration/Air              5
Comestibles
 c - a bread ration
 m - 3 fruits
 p - 2 meat rations


   Skills:
 - Level 3.0 Fighting
 + Level 2.6 Dodging
 - Level 2.1 Stealth
 - Level 1.5 Spellcasting
 - Level 0.7 Conjurations
 - Level 3.0 Air Magic


You had 5 spell levels left.
You knew the following spells:

 Your Spells              Type           Power        Failure   Level  Hunger
a - Shock                 Conj/Air       #...         12%         1    ##.....


Dungeon Overview and Level Annotations

Branches:
Dungeon (2/15)

Altars:
Hepliaklqana
Makhleb
Xom


Innate Abilities, Weirdness & Mutations

You are small and have problems with some larger weapons.
You are somewhat resistant to further mutation.


Message History

You feel sick. The adder bites you.
* * * LOW HITPOINT WARNING * * *
You hit the adder but do no damage.
The adder is severely wounded.
* * * LOW HITPOINT WARNING * * *
You feel sick. The adder closely misses you. x2
You hit the adder.
The adder is almost dead.
* * * LOW HITPOINT WARNING * * *
You feel sick. The adder closely misses you.
You hit the adder.
You kill the adder!
* * * LOW HITPOINT WARNING * * *
You feel sick.
* * * LOW HITPOINT WARNING * * *
You feel sick.
You see here an adder corpse.
Unknown command.
Unknown command.
You die...

....#... ### ### #.#.
#.# #... #.# ###.#. #(#
#..... #.# #.#.## #.#
#######.#... #.#
#........### #@#
#........# # #.#
#........# #†#
###........# #.#
#..........# # ..
##.###..........# #
....#...##..........###
..............####.###.
........).....####.###.
............####........


There were no monsters in sight!

Vanquished Creatures
  An adder (D:2)
  An ooze (D:2)
  A worm (D:2)
  2 leopard geckos (D:1)
  7 bats
  A giant cockroach (D:1)
  6 hobgoblins
  3 jackals (D:2)
  9 kobolds
  2 frilled lizards
  9 goblins
  7 rats
49 creatures vanquished.

Notes
Turn   | Place    | Note
-------+----------+-------------------------------------------
     0 | D:1      | removed the Halfling Air Elementalist began the quest for the Orb.
     0 | D:1      | Reached XP level 1. HP: 11/11 MP: 3/3
    91 | D:1      | Reached skill level 1 in Fighting
   238 | D:1      | Reached XP level 2. HP: 7/18 MP: 0/4
   974 | D:1      | Reached XP level 3. HP: 7/24 MP: 3/5
  1685 | D:2      | Found a shimmering altar of Xom.
  1686 | D:2      | Found a hazy altar of Hepliaklqana.
  1687 | D:2      | Found a burning altar of Makhleb.
  1788 | D:2      | Reached XP level 4. HP: 13/30 MP: 6/6
  2376 | D:2      | HP: 1/31 [poisoned by an adder]
  2378 | D:2      | Succumbed to an adder's poison

Skill      XL: |  1  2  3  4 |
---------------+-------------+-----
Fighting       | 1 2 3 |  3.0
Dodging        | |  2.6
Stealth        | |  2.1
Spellcasting   | |  1.5
Conjurations   | |  0.7
Air Magic      | |  3.0

Action                   |  1- 3 |  4- 6 || total
-------------------------+-------+-------++-------
Melee: Unarmed           |    25 |       ||    25
       Short sword       |   101 |    44 ||   145
 Cast: Shock             |    23 |    17 ||    40
 Stab: Sleeping          |     7 |     2 ||     9
  Eat: Chunk             |     3 |     3 ||     6
Armor: Robe              |    19 |     6 ||    25
Dodge: Dodged            |   127 |    36 ||   163
